 Dungeon Crawl Stone Soup version 0.19-a0-1692-g68728bb (webtiles) character file.

23 Flanowski the Insei (level 2, 0/14 HPs)
             Began as a Vine Stalker Transmuter on Sept 26, 2016.
             Succumbed to an adder's poison
             ... on level 2 of the Dungeon.
             The game lasted 00:01:19 (862 turns).

Flanowski the Insei (Vine Stalker Transmuter)        Turns: 862, Time: 00:01:20

Health: 0/14       AC:  3    Str: 12    XL:     2   Next: 95%
Magic:  4/6        EV: 12    Int: 13    God:
Gold:   73         SH:  0    Dex: 14    Spells: 1 memorised, 4 levels left

rFire  . . .     SeeInvis .       - Unarmed
rCold  . . .     Gourm    .     b - +0 robe
rNeg   . . .     Faith    .     (no shield)
rPois  .         Spirit   +     (no helmet)
rElec  .         Dismiss  .     (no cloak)
rCorr  .         Reflect  .     (no gloves)
MR     .....     Harm     .     (no boots)
Stlth  +.........               (no amulet)
                                (no ring)
                                (no ring)

@: lethally poisoned (0 -> -13), appendage (expiring)
A: fangs 2, horns 2, magic shield, antimagic bite, no device heal 3, rot
immunity
a: End Transformation


You were on level 2 of the Dungeon.
You were not hungry.
You had grown temporary horns.
You visited 1 branch of the dungeon, and saw 2 of its levels.

You collected 73 gold pieces.

Inventory:

Missiles
 a - 34 arrows
Armour
 b - a +0 robe (worn)
Jewellery
 g - a +3 ring of intelligence {unknown}
 m - an uncursed amulet of regeneration {unknown}
Scrolls
 e - 2 scrolls of random uselessness {unknown}
 j - a scroll of immolation {unknown}
 o - a scroll of enchant weapon {unknown}
 p - a scroll of fog {unknown}
 q - a scroll of identify {unknown}
Potions
 h - a potion of heal wounds {unknown}
 i - a potion of might {unknown}
 k - a potion of invisibility {unknown}
 l - a potion of flight {unknown}
Books
 c - a book of Changes

   Spells                             Type                      Level
   a - Beastly Appendage              Transmutation                1
   b - Sticks to Snakes               Transmutation                2
   c - Spider Form                    Transmutation/Poison         3
   d - Ice Form                       Ice/Transmutation            4
   e - Blade Hands                    Transmutation                5
Comestibles
 d - 2 bread rations
 f - 2 slices of pizza
 n - 2 chunks of flesh


   Skills:
 + Level 0.8 Fighting
 * Level 0.5 Armour
 + Level 1.6 Dodging
 + Level 3.4 Unarmed Combat
 + Level 2.3 Spellcasting
 * Level 2.4 Transmutations


You had 4 spell levels left.
You knew the following spells:

 Your Spells              Type           Power        Failure   Level  Hunger
a - Beastly Appendage     Tmut           #.....       10%         1    #......


Dungeon Overview and Level Annotations

Branches:
Dungeon (2/15)

Altars:


Innate Abilities, Weirdness & Mutations

You have extremely sharp teeth.
When hurt, damage is shared between your health and your magic reserves.
Your bite disrupts and absorbs the magic of your enemies.
Potions and wands cannot restore your health.
You are immune to rotting.
You have a pair of horns on your head.


Message History

You are more poisoned.
The adder poisons you!
You closely miss the adder.
The adder is severely wounded.
You feel sick. The adder bites you.
* * * LOW HITPOINT WARNING * * *
You are too injured to fight recklessly!
You are too injured to fight recklessly!
You hit the adder. Your bite misses the adder.
The adder is almost dead.
* * * LOW HITPOINT WARNING * * *
You feel sick. The adder bites you but does no damage.
You hit the adder. Your bite misses the adder.
The adder is almost dead.
* * * LOW HITPOINT WARNING * * *
You feel sick. The adder barely misses you.
The adder bites you but does no damage.
You barely miss the adder. Your headbutt misses the adder.
The adder is almost dead.
You die...

.....# ##'### #.#
### #.# #.+ #.#
#.# #.###### #.#
#......######.###
#......'........#
##.....######.#@#
##....# #.#S#
#....# #.#..
#....# #.####
###### #.. ###


You could see an adder.

Vanquished Creatures
  A dart slug (D:1)
  A giant cockroach (D:1)
  5 hobgoblins
  4 bats
  A frilled lizard (D:1)
  4 goblins
  2 kobolds (D:1)
  A rat (D:1)
19 creatures vanquished.

Notes
Turn   | Place    | Note
-------+----------+-------------------------------------------
     0 | D:1      | Flanowski the Vine Stalker Transmuter began the quest for the Orb.
     0 | D:1      | Reached XP level 1. HP: 9/9 MP: 4/4
   107 | D:1      | Reached XP level 2. HP: 11/14 MP: 6/6
   862 | D:2      | Succumbed to an adder's poison

Vault maps used:
D:1:      enne_arrival_octagon_isle, serial_forest, infiniplex_forest_zigzag_1,
          infiniplex_forest_lined_room_2, infiniplex_forest_fountain,
          infiniplex_forest_straight_2, infiniplex_forest_lined_3_way,
          infiniplex_forest_lined_3_way, minmay_misc_feat_more_columns
D:2:      kennysheep_generic_room_16

Action                   || total
-------------------------++-------
Melee: Unarmed           ||    52
       Bite              ||    11
       Headbutt          ||     9
       Kick              ||     3
 Cast: Beastly Appendage ||    17
Armor: Robe              ||     6
Dodge: Dodged            ||    25
